 Dungeon Crawl Stone Soup version 0.30-a0-1103-g25895a7845 (webtiles) character file.

Game seed: 18335644668805194129

259 Jeffwins the Firebug (level 6, -8/43 HPs)
             Began as a Human Wanderer on Apr 18, 2023.
             Killed by nerve-wracking pain
             ... invoked by Grinder
              (14 damage)
             ... on level 4 of the Dungeon.
             The game lasted 00:04:05 (2577 turns).

Jeffwins the Firebug (Human Wanderer)               Turns: 2577, Time: 00:04:05

Health: -8/43      AC:  2    Str: 10    XL:     6   Next: 40%
Magic:  0/10       EV: 11    Int: 18    God:
Gold:   168        SH:  4    Dex: 11    Spells: 7/10 levels left

rFire   . . .      SeeInvis .    a - +2 dagger (venom)
rCold   . . .      Faith    .    d - +0 buckler
rNeg    . . .      Spirit   .    c - +0 robe
rPois   .          Reflect  .    (no helmet)
rElec   .          Rampage  .    (no cloak)
rCorr   .                        (no gloves)
Will    .....                    (no boots)
Stlth   ++                       (no amulet)
HPRegen 0.27/turn                (no ring)
MPRegen 0.12/turn                (no ring)

@: no status effects
A: no striking features
a: no special abilities


You were on level 4 of the Dungeon.
You visited 1 branch of the dungeon, and saw 4 of its levels.

You collected 168 gold pieces.


   Skills:
 + Level 1.6 Fighting
 * Level 0.6 Short Blades
 - Level 1.0 Dodging
 + Level 1.7 Stealth
 + Level 2.6 Shields
 * Level 2.6 Spellcasting
 * Level 2.2 Conjurations
 - Level 1.0 Transmutations
 * Level 5.8 Fire Magic


You had 7 spell levels left.
You knew the following spells:

 Your Spells              Type           Power      Damage    Failure   Level
x - Scorch                Fire           46%        2d6       3%          2
z - Foxfire               Conj/Fire      64%        2x1d7     4%          1

Your spell library contained the following spells:

 Spells                   Type           Power      Damage    Failure   Level
 Beastly Appendage        Tmut           12%        N/A       14%         1
 Freeze                   Ice            8%         1d3       22%         1
 Necrotise                Necr           8%         1d4       22%         1
 Wereblood                Tmut           6%         N/A       22%         2
 Passwall                 Tmut/Erth      3%         N/A       26%         2
 Ignite Poison            Fire/Tmut/Pois 10%        N/A       26%         3
 Lesser Beckoning         Tloc           4%         N/A       32%         2
 Hailstorm                Conj/Ice       6%         3d4       38%         3
 Spider Form              Tmut/Pois      4%         N/A       47%         3
 Frozen Ramparts          Ice            4%         1d1       54%         3
 Gell's Gravitas          Tloc           2%         N/A       54%         3
 Teleport Other           Tloc           2%         N/A       54%         3
 Vampiric Draining        Necr           2%         2d6       54%         3
 Ice Form                 Ice/Tmut       4%         N/A       87%         4
 Irradiate                Conj/Tmut      4%         3d13      97%         5
 Agony                    Necr           2%         N/A       99%         5
 Dragon Form              Tmut           3%         N/A       100%        7

Inventory:

Hand Weapons
 a - a +2 dagger of venom (weapon)
 n - the +0 dagger of Giduez {pain, rElec Str+3 Dex-4}
   (You found it on level 2 of the Dungeon)

   Str:       It affects your strength (+3).
   Dex:       It affects your dexterity (-4).
   rElec:     It insulates you from electricity.
Armour
 c - a +0 robe (worn)
 d - a +0 buckler (worn)
 r - a +0 hat
Jewellery
 E - a +5 ring of evasion
Wands
 p - a wand of digging (7)
Scrolls
 e - 2 scrolls of blinking {unknown}
 g - 2 scrolls of immolation {unknown}
 h - 4 scrolls of identify {unknown}
 i - 2 scrolls of teleportation {unknown}
 j - a scroll of amnesia {unknown}
 l - a scroll of noise {unknown}
 m - a scroll of butterflies {unknown}
 o - a scroll of vulnerability {unknown}
 q - a scroll of enchant weapon {unknown}
Potions
 f - a potion of degeneration {!q}
 k - a potion of curing {unknown}
 s - 2 potions of lignification {unknown}

Dungeon Overview and Level Annotations

Branches:
Dungeon (4/15)
 Temple: D:4-7

Altars:
Qazlal

Annotations:
D:4 Grinder

#.....#.....# #
##<.......##
#.##..........#..
#......##.........
..#...###.........
##............▒+ .
#.###.....###▒
....#.#.v....#
......§@§...##
.......v....#
...........5#
...#.......▒▒ #.
#...#.▒▒▒ . #...
▒▒ ##▒▒


You could see Grinder (ally target).


Message History

Casting: Foxfire (safe; 4% risk of failure)
Confirm with . or Enter, or press ? or * to list all spells.
Flames lash Grinder.
Grinder is severely wounded.
Grinder's fire resistance burns away.
Grinder hits you.
* * * LOW HITPOINT WARNING * * *
Unknown command.
Casting: Scorch (safe; 3% risk of failure)
Confirm with . or Enter, or press ? or * to list all spells.
You conjure some foxfire!
Grinder hits you.
* * * LOW HITPOINT WARNING * * *
You writhe in agony.
* * * LOW HITPOINT WARNING * * *
Unknown command.
Unknown command.
You closely miss Grinder.
Grinder is severely wounded.
The foxfire hits Grinder.
Grinder is burned terribly!
Grinder is severely wounded.
The foxfire hits Grinder but does no damage.
Grinder is severely wounded.
Grinder blinks!
Unknown command.
Casting: Foxfire (safe; 4% risk of failure)
Confirm with . or Enter, or press ? or * to list all spells.
You conjure some foxfire!
Grinder is no longer more vulnerable to fire.
Grinder gestures at you. Pain shoots through your body!
You die...

Skill      XL: |  1  2  3 |
---------------+----------+-----
Fighting       | 1 |  1.6
Stealth        | 1 |  1.7
Spellcasting   | 2 |  2.6
Conjurations   | 2 |  2.2
Short Blades   | |  0.6
Dodging        | |  1.0
Shields        | |  2.6
Transmutations | |  1.0
Fire Magic     | |  5.8

Action                     |  1- 3 |  4- 6 || total
---------------------------+-------+-------++-------
  Melee: Dagger            |    18 |    65 ||    83
   Cast: Foxfire           |    37 |    43 ||    80
         Scorch            |       |     1 ||     1
    Use: Potion            |     4 |     1 ||     5
   Stab: Sleeping          |       |     8 ||     8
         Distracted        |       |     1 ||     1
 Armour: Robe              |     5 |    14 ||    19
  Dodge: Dodged            |     9 |    35 ||    44
  Block: Buckler           |     8 |     6 ||    14

Levels and vault maps discovered:
D:1:      dpeg_arrival_simpleton_c, layout_rooms, minmay_pentomino_p2
D:2:      layout_loops_cross, basic_altar, serial_park_tiny_2,
          dilly_guarded_unrand_morg, uniq_sigmund
D:3:      layout_loops_ring, ebering_ecumenical_altar_box
D:4:      layout_cave_pools, minmay_overflow_temple_star_quad,
          minmay_temple_entry_nine_rooms, serial_shops, shop,
          chequers_serial_rivers_micro_d, guppyfry_shop_venom, uniq_grinder

Notes
Turn   | Place    | Note
-------+----------+-------------------------------------------
     0 | D:1      | Jeffwins the Human Wanderer began the quest for the Orb.
     0 | D:1      | Jeffwins set off with the following items: a +0 dagger, a
                  | potion of heal wounds {@q2}, a +0 robe, a +0 buckler; and
                  | the following spell memorised: Foxfire; and the following
                  | spells available to memorise: Scorch, Wereblood, Passwall,
                  | Ignite Poison.
     0 | D:1      | Reached XP level 1. HP: 13/13 MP: 2/2
   100 | D:1      | Reached XP level 2. HP: 19/19 MP: 0/3
   779 | D:1      | Reached XP level 3. HP: 25/25 MP: 1/5
   838 | D:1      | Learned a level 2 spell: Scorch
  1035 | D:2      | Found a stormy altar of Qazlal.
  1122 | D:2      | Noticed Sigmund
  1171 | D:2      | Killed Sigmund
  1172 | D:2      | Reached skill level 1 in Fighting
  1172 | D:2      | Reached skill level 1 in Stealth
  1172 | D:2      | Reached skill level 2 in Spellcasting
  1172 | D:2      | Reached skill level 2 in Conjurations
  1172 | D:2      | Reached XP level 4. HP: 13/32 MP: 1/7
  1172 | D:2      | Reached XP level 5. HP: 16/37 MP: 1/8
  1350 | D:2      | Reached XP level 6. HP: 43/43 MP: 5/9
  1649 | D:2      | Noticed Natasha
  1659 | D:2      | Killed Natasha
  1787 | D:2      | Identified the +0 dagger of Giduez {pain, rElec Str+3
                  | Dex-4}
  2052 | D:3      | Found a faded altar of an unknown god.
  2355 | D:3      | Got the Excursus on Transmigration
  2559 | D:4      | Noticed Grinder
  2572 | D:4      | HP: 4/43 [Grinder (6)]
  2577 | D:4      | Killed from afar by Grinder

Vanquished Creatures
  Sigmund (D:2)
  Natasha (D:2)
  2 adders
  3 worms
  2 dart slugs
  6 ball pythons
  4 endoplasms
  A giant cockroach (D:3)
  4 goblins
  A hobgoblin (D:1)
  A kobold (D:2)
  4 quokkas
  A ball python skeleton (D:2)
  A ball python zombie (D:2)
  3 bats
  A frilled lizard (D:1)
  2 giant cockroach zombies (D:2)
  A jackal zombie (D:2)
  A quokka simulacrum (D:2)
  10 rats
50 creatures vanquished.

Vanquished Creatures (collateral kills)
  4 foxfires (D:2)
4 creatures vanquished.

Vanquished Creatures (others)
  134 foxfires
  8 withered plants (D:2)
142 creatures vanquished.

Grand Total: 196 creatures vanquished

Table legend: (Time is in decaauts)
 A = Elapsed time spent in this place.
 B = Non-inter-level travel time spent in this place.
 C = Inter-level travel time spent in this place.
 D = Time resting spent in this place.
 E = Time spent auto-exploring this place.
 F = Levels seen in this place.
 G = Mean time per level.
                   A        B        C        D        E       F      G
               +--------+--------+--------+--------+--------+-----+--------+
         Total |   2578 |   2520 |     58 |      0 |   2080 |   4 |  644.5 |
       Dungeon |   2578 |   2520 |     58 |      0 |   2080 |   4 |  644.5 |
               +--------+--------+--------+--------+--------+-----+--------+

Top non-repeatable levels by time:
     D:2: 988 daAuts
     D:1: 839 daAuts
     D:3: 688 daAuts
     D:4: 61 daAuts

Table legend:
 A = Non-vault XP
 B = Vault XP
 C = Vault XP percentage of total XP
 D = Non-vault monster count
 E = Vault monster count
 F = Vault count percentage of total count
                 A         B        C        D         E       F
            +---------+---------+-------+---------+---------+-------
      Total |     100 |     271 |  73.0 |      40 |      10 |  20.0
            +---------+---------+-------+---------+---------+-------
        D:1 |      27 |       4 |  12.9 |      18 |       2 |  10.0
        D:2 |      28 |     267 |  90.5 |       7 |       8 |  53.3
        D:3 |      43 |       0 |   0.0 |      14 |       0 |   0.0
        D:4 |       2 |       0 |   0.0 |       1 |       0 |   0.0
            +---------+---------+-------+---------+---------+-------
